cohdb
Replays
Latest Replays
All Replays
Popular Replays
Top Player Replays
Match Explorer
How It Works
Community
CoH3 Stats
Reddit
Sign in to upload your games and track your stats! →
Sign in with Steam
Match 46356468
Unlisted
Match 46356468
Overview
Messages
Build Orders
End
Pioneer Squad
Construct Infanterie Kompanie
Grenadier Squad
Grenadier Squad
Grenadier Squad
Grenadier Squad
Medical Station
Construct Luftwaffe Kompanie
Support Elements
Wirbelwind Flakpanzer
Wirbelwind Flakpanzer
Side Skirts
Jäger Squad
Marder III M Tank Destroyer
Boss Of This Gym
Brick_man
0
0
Comments
sign in to comment!
No comments posted yet!